 Dungeon Crawl Stone Soup version 0.17.0-25-gefc9c12 (console) character file.

206 gw the Skirmisher (level 5, -1/41 HPs)
             Began as a Demonspawn Fighter on Nov 18, 2015.
             Was a Follower of Nemelex Xobeh.
             Slain by an iguana (10 damage)
             ... on level 4 of the Dungeon.
             The game lasted 00:03:49 (3771 turns).

gw the Skirmisher (Demonspawn Fighter)              Turns: 3771, Time: 00:03:50

Health: -1/41      AC: 15    Str: 16    XL:     5   Next: 53%
Magic:  6/6        EV:  4    Int:  9    God:    Nemelex Xobeh [*.....]
Gold:   150        SH:  9    Dex: 14    Spells: 0 memorised, 4 levels left

rFire  . . .     SeeInvis .     a - +0 long sword
rCold  . . .     Clarity  .     l - +0 chain mail
rNeg   . . .     SustAt   .     c - +0 shield
rPois  .         Gourm    .     (no helmet)
rElec  .         Spirit   .     (no cloak)
rCorr  .         Warding  .     x - +1 pair of gloves
rMut   .         Stasis   .     t - +1 pair of boots
MR     .....                    o - amulet of inaccuracy (curse)
Stlth  ..........               (no ring)
                                (no ring)

@: not resistant to hostile enchantments, extremely unstealthy
A: talons 1, yellow scales 1
a: Renounce Religion


You were on level 4 of the Dungeon.
You worshipped Nemelex Xobeh.
Nemelex Xobeh was aware of your devotion.
You were near starving.

You visited 1 branch of the dungeon, and saw 4 of its levels.

You collected 150 gold pieces.

Inventory:

Hand Weapons
 a - a +0 long sword (weapon)
Missiles
 k - 81 stones (quivered)
 r - 17 poisoned needles
Armour
 c - a +0 shield (worn)
 l - a +0 chain mail (worn)
 t - a +1 pair of boots (worn)
 x - a +1 pair of gloves (worn)
Jewellery
 o - a cursed amulet of inaccuracy (around neck)
Scrolls
 b - 2 scrolls of recharging
 i - a scroll of remove curse
 j - 3 scrolls of identify
 n - 2 scrolls of blinking
Potions
 d - a potion of might
 g - a potion of brilliance {unknown}
 h - a potion of flight
Comestibles
 e - a bread ration
 f - a royal jelly
 m - 2 meat rations
 q - a slice of pizza
 v - 2 beef jerkies


   Skills:
 + Level 3.5 Fighting
 * Level 3.3 Long Blades
 + Level 1.2 Throwing
 + Level 3.2 Armour
 + Level 3.1 Shields
 * Level 2.1 Evocations


You had 4 spell levels left.
You didn't know any spells.

Dungeon Overview and Level Annotations

Branches:
Dungeon (4/15)             Temple (0/1) D:4

Altars:
Dithmenos
Kikubaaqudgha
Makhleb
Nemelex Xobeh
Ru


Innate Abilities, Weirdness & Mutations

You have sharp toenails.
You are partially covered in yellow scales (AC +2).


Message History

You block the hound's attack. x2
The iguana bites you! The hound barely misses you.
You block the iguana's attack. The hound bites you but does no damage.
ATTACKING (-1,0)
You hit the hound but do no damage.
The hound is almost dead.
The hound bites you but does no damage. You block the hound's attack.
The hound bites you but does no damage. You block the iguana's attack.
The hound bites you but does no damage.
ATTACKING (-1,0)
You closely miss the hound.
The hound is almost dead.
You block the hound's attack. The hound bites you. The iguana bites you!
The hound bites you. x2
ATTACKING (-1,0)
You hit the hound.
You kill the hound!
The hound bites you but does no damage. The iguana bites you!
You die...
Your body disappears without a glow.

#.##### ... #.....#
..... #.....# .....
+.....# ....(?#.....#
....(#.....# ....#
.....(.....#.....#
#.#.#.#l....#.....#
......O6#...# ....######
......#h#...##+#........
...............#........
..>...#.....)..#........
... ...........'......##
.. ...#........#.....##_
. .............#....##..
.#.#.#........#>...#}.7
...........#....##..


You could see an ogre, an iguana and a hound.

Table legend:
 A = Turns spent in this place as a percentage of turns spent in the entire game.
 B = Non-inter-level travel turns spent in this place as a percentage of non-inter-level travel turns spent in the entire game.
 C = Inter-level travel turns spent in this place as a percentage of turns spent in this place.
 D = Turns resting spent in this place as a percentage of non-inter-level travel turns spent in this place.
 E = Turns spent auto-exploring this place as a percentage of non-inter-level travel turns spent in this place.
 F = Non-inter-level travel turns spent in this place divided by the number of levels of this place that you've seen.
                   A       B       C       D       E      F
               +-------+-------+-------+-------+-------+----------------------
         Total | 100.0 | 100.0 |   0.4 |   0.8 |   2.6 | 1374.5
       Dungeon | 100.0 | 100.0 |   0.4 |   0.8 |   2.6 | 1374.5
               +-------+-------+-------+-------+-------+----------------------

Table legend:
 A = Kills in this place as a percentage of kills in entire the game.
 B = Kills by you in this place as a percentage of kills by you in the entire game.
 C = Kills by friends in this place as a percentage of kills by friends in the entire game.
 D = Other kills in this place as a percentage of other kills in the entire game.
 E = Experience gained in this place as a percentage of experience gained in the entire game.
 F = Experience gained in this place divided by the number of levels of this place that you have seen.
                   A       B       C       D       E      F
               +-------+-------+-------+-------+-------+----------------------
         Total | 100.0 | 100.0 |  -nan |  -nan | 100.0 |  73.8
       Dungeon | 100.0 | 100.0 |  -nan |  -nan | 100.0 |  73.8
               +-------+-------+-------+-------+-------+----------------------

Vanquished Creatures
  2 hounds
  A worker ant (D:4)
  A gnoll (D:3)
  2 adders (D:3)
  2 oozes
  3 worms
  3 giant geckos
  An orc (D:3)
  7 giant cockroaches
  11 goblins
  7 hobgoblins
  4 jackals
  2 quokkas
  4 bats
  6 giant newts
  8 kobolds
  14 rats
78 creatures vanquished.

Notes
Turn   | Place    | Note
--------------------------------------------------------------
     0 | D:1      | gw the Demonspawn Fighter began the quest for the Orb.
     0 | D:1      | Reached XP level 1. HP: 18/18 MP: 1/1
   222 | D:1      | Gained mutation: You have sharp toenails. [demonic ancestry]
   222 | D:1      | Reached XP level 2. HP: 24/24 MP: 2/2
   393 | D:1      | Found a sparkling altar of Nemelex Xobeh.
   400 | D:1      | Became a worshipper of Nemelex Xobeh the Trickster
   416 | D:1      | Received a gift from Nemelex Xobeh
   641 | D:1      | Reached XP level 3. HP: 29/29 MP: 3/3
  1054 | D:2      | Found a sacrificial altar of Ru.
  1402 | D:2      | Reached skill level 1 in Evocations
  1813 | D:3      | Reached * piety under Nemelex Xobeh
  1817 | D:3      | Gained mutation: You are partially covered in yellow scales (AC +2). [demonic ancestry]
  1817 | D:3      | Reached XP level 4. HP: 35/35 MP: 4/4
  1841 | D:3      | Reached skill level 1 in Throwing
  1870 | D:3      | Found a burning altar of Makhleb.
  2357 | D:3      | Received a gift from Nemelex Xobeh
  2372 | D:3      | Found an ancient bone altar of Kikubaaqudgha.
  2437 | D:3      | Reached XP level 5. HP: 14/41 MP: 6/6
  3690 | D:4      | Found a burning altar of Makhleb.
  3703 | D:4      | Found a shadowy altar of Dithmenos.
  3737 | D:4      | Found a staircase to the Ecumenical Temple.
  3739 | D:4      | Noticed an ogre
  3771 | D:4      | Slain by an iguana

Action                   |  1- 3 |  4- 6 || total
-------------------------+-------+-------++-------
Melee: Long sword        |   159 |   170 ||   329
Throw: Stone             |    52 |    49 ||   101
Evoke: Deck              |     9 |     6 ||    15
  Use: Scroll            |     6 |     4 ||    10
       Potion            |     4 |     4 ||     8
  Eat: Chunk             |     3 |     6 ||     9

Vault maps used:
D:1:      dpeg_arrival_renting, interstate_on_off,
          nemelex_xobeh_ov_fountains_minmay
D:2:      lemuel_crystal_altar
D:3:      kiku_gazebo_pond_becter, nrook_mini_vaults,
          makhleb_blood_cavern_becter
D:4:      amethyst_overflow_temple_binary, minmay_temple_entry_glass,
          evilmike_ruin_ashenzari
